Match 37339233
Unlisted

Match 37339233
End
Construct Weapon Support Center
Selects Special Operations Battlegroup
Selects M29 Weasel Recon Vehicle
M29 Weasel Recon Vehicle
Bazooka Squad
Bazooka Squad
Improved M9 Bazooka Rockets
Selects Raiding Flares
Infantry Support Center
Munitions Surplus
Survival Training
Construct Motor Pool
Advanced Logistics
Selects SSF Commando Squad
SSF Commando Squad
Engineer Squad
M3 Armored Personnel Carrier
SSF Commando Squad
SSF Commando Squad
Selects Mark Vehicle
M24 Chaffee Light Tank
SSF Commando Squad
Forward Retreat Point
Raiding Flares
书院三师姐
ninja6398
沐雨轻然
⚅ Knightz
Maiti
Not vincentbui
meuqsaco
CPU - VERY EASY
0
0

Comments sign in to comment!

No comments posted yet!